 Dungeon Crawl Stone Soup version 0.26-a0-259-g1effd001a9 (webtiles) character file.

Game seed: 590113690267476096

7397 Lugonue the Thaumaturge (level 10, -6/52 HPs)
             Began as a Deep Elf Venom Mage on July 20, 2020.
             Was an Elder of Sif Muna.
             Mangled by a shadow (30 damage)
             ... on level 9 of the Dungeon.
             The game lasted 00:28:54 (11960 turns).

Lugonue the Thaumaturge (Deep Elf Venom Mage)      Turns: 11960, Time: 00:29:00

Health: -6/52      AC:  6    Str:  8    XL:     10   Next: 92%
Magic:  11/28      EV: 17    Int: 24    God:    Sif Muna [****..]
Gold:   336        SH:  0    Dex: 15    Spells: 18/34 levels left

rFire    + + .     SeeInvis .   d - +2 war axe (holy)
rCold    . . .     Faith    .   (no shield)
rNeg     . . .     Spirit   .   F - +0 leather armour of Pragmatism {rF++}
rPois    +         Reflect  .   (no helmet)
rElec    .         Harm     .   r - +1 cloak {rPois}
rCorr    .                      a - +0 pair of gloves "Bifuedgh" {Str+3}
MR       +....                  (no boots)
Stlth    +++.......             (no amulet)
HPRegen  0.17/turn              (no ring)
MPRegen  0.21/turn              (no ring)

@: no status effects
A: no striking features
a: Channel Magic, Forget Spell, Divine Exegesis, Renounce Religion


You were on level 9 of the Dungeon.
You worshipped Sif Muna.
Sif Muna was greatly pleased with you.
You were not hungry.

You visited 2 branches of the dungeon, and saw 10 of its levels.

You collected 336 gold pieces.

Inventory:

Hand Weapons
 b - a +2 vampiric dagger
 d - a +2 war axe of holy wrath (weapon)
 C - a +0 shortbow
 G - a +2 short sword of protection
Missiles
 v - a throwing net (quivered)
 D - 127 arrows
Armour
 a - the +0 pair of gloves "Bifuedgh" (worn) {Str+3}
   (You found it on level 8 of the Dungeon)

   It affects your strength (+3).
 p - the +1 leather armour "Hujebb" {Str+3}
   (You found it on level 5 of the Dungeon)

   It affects your strength (+3).
 r - a +1 cloak of poison resistance (worn)
 F - the +0 leather armour of Pragmatism (worn) {rF++}
   (You found it on level 8 of the Dungeon)

   It greatly protects you from fire.
Wands
 e - a wand of flame (28)
 u - a wand of polymorph (13)
 y - a wand of acid (7)
 B - a wand of disintegration (9)
 E - a wand of random effects (20)
Scrolls
 i - 2 scrolls of enchant armour
 k - 4 scrolls of immolation
 m - a scroll of remove curse
 n - 2 scrolls of amnesia
 q - 3 scrolls of teleportation
 t - 2 scrolls of magic mapping
 x - 2 scrolls of blinking
Potions
 g - 4 potions of curing
 h - a potion of lignification
 j - 7 potions of might
 l - 2 potions of brilliance
 o - 2 potions of heal wounds
 s - 5 potions of flight
 A - 2 potions of mutation
Comestibles
 c - 22 rations


   Skills:
 - Level 1.4 Fighting
 - Level 1.8 Short Blades
 + Level 2.2 Bows
 + Level 2.7 Armour
 * Level 8.7 Dodging
 + Level 4.5 Stealth
 + Level 12.8 Spellcasting
 + Level 0.6 Conjurations
 + Level 3.7 Transmutations
 + Level 1.9 Fire Magic
 + Level 4.3 Air Magic
 + Level 9.3 Poison Magic
 + Level 0.2 Evocations


You had 18 spell levels left.
You knew the following spells:

 Your Spells              Type           Power        Failure   Level
a - Sting                 Tmut/Pois      ####         1%          1
b - Poisonous Vapours     Pois/Air       #####.       1%          2
c - Olgreb's Toxic Radia  Pois           ######..     1%          4
d - Ignite Poison         Fire/Tmut/Pois #####...     2%          3
e - Mephitic Cloud        Conj/Pois/Air  #####...     2%          3
f - Tukima's Dance        Hex            ###.....     17%         3

Your spell library contained the following spells:

 Spells                   Type           Power        Failure   Level
 Magic Dart               Conj           ###.         4%          1
 Corona                   Hex            ###....      5%          1
 Summon Small Mammal      Summ           ###.         5%          1
 Searing Ray              Conj           ###...       6%          2
 Call Imp                 Summ           ###.....     9%          2
 Ensorcelled Hibernation  Hex/Ice        ###...       9%          2
 Dazzling Flash           Conj/Hex       ###...       14%         3
 Call Canine Familiar     Summ           ###.....     17%         3
 Confusing Touch          Hex            ###.....     17%         3
 Summon Guardian Golem    Hex/Summ       ###.....     17%         3
 Summon Lightning Spire   Summ/Air       ####....     22%         4
 Fulminant Prism          Conj/Hex       ###.......   43%         4
 Iskenderun's Mystic Bla  Conj/Tloc      ###.....     43%         4
 Summon Ice Beast         Ice/Summ       ###.....     50%         4


Dungeon Overview and Level Annotations

Branches:
Dungeon (9/15)             Temple (1/1) D:4            Lair (0/6) D:8
    Orc (0/2) D:9

Altars:
Ashenzari
Cheibriados
Dithmenos
Elyvilon
Fedhas
Gozag
Hepliaklqana
Kikubaaqudgha
Makhleb
Nemelex Xobeh
Okawaru
Qazlal
Ru
Sif Muna
Trog
Uskayaw
Vehumet
Wu Jian
Xom
Zin
The Shining One

Shops:
D:4 }   D:6 (


Message History

You hit the shadow but do no damage.
The shadow is almost destroyed.
You closely miss the goblin zombie. You hit the orc zombie.
The orc zombie convulses.
The shadow hits you. The goblin zombie closely misses you.
The orc zombie misses you.
An orc zombie comes into view.
You barely miss the shadow.
The shadow is almost destroyed.
You slash the orc zombie!
You destroy the orc zombie!
Sif Muna accepts your kill.
You hit the goblin zombie.
The goblin zombie convulses.
The shadow slips into darkness.
The shadow flickers and vanishes!
Deactivating autopickup; reactivate with Ctrl-A.
The goblin zombie misses you.
An orc zombie comes into view.
The shadow strikes at you from the darkness!
Ouch! That really hurt!
You die...

..÷..................#
.........†...........#
.....................#
.......<.............#
........)............#
..........)..†.......#
..........)....Z>....#
.........Z..Z.[{Z....#
.....####...####@>...#
.....#....8....#.....#
.....#.........#Z....#
.....#.........#.....#
.....#......Z..#.....#
#.. ...........Z....##
.................
..8...>...8...####
.............##


You could see 2 goblin zombies, 2 orc zombies, a troll zombie and a hobgoblin
skeleton.

Vanquished Creatures
  A two-headed ogre (D:8)
  Pikel (D:8)
  An ugly thing (D:9)
  Joseph (D:8)
  A hornet (D:6)
  2 hippogriffs
  A shadow (D:9)
  A yak (D:8)
  Edmund (D:4)
  A sky beast (D:8)
  5 orc warriors
  2 black bears
  4 ogres
  2 ice beasts (D:7)
  A necrophage (D:8)
  5 centaurs
  A crocodile (D:6)
  8 bullfrogs
  2 troll zombies (D:9)
  6 scorpions
  2 jellies (D:8)
  3 killer bees (D:8)
  4 wights (D:7)
  2 howler monkeys
  3 bullfrog zombies
  A centaur zombie (D:8)
  Crazy Yiuf (D:3)
  2 centaur skeletons
  4 orc priests
  6 hounds
  6 orc wizards
  Terence (D:3)
  5 bullfrog skeletons
  4 iguanas
  3 worker ants
  3 ogre zombies (D:9)
  A hound zombie (D:8)
  2 worker ant zombies
  4 gnolls (D:4)
  15 adders
  3 shadow imps
  2 white imps
  2 ufetubi
  An ooze (D:2)
  An adder skeleton (D:5)
  2 worms
  4 dart slugs
  3 leopard geckos
  30 orcs
  3 giant cockroaches
  7 goblins
  12 hobgoblins
  19 jackals
  5 kobolds
  2 quokkas
  A ball python (D:3)
  12 bats
  6 frilled lizards
  A goblin skeleton (D:9)
  A goblin zombie (D:9)
  A hobgoblin skeleton (D:9)
  4 hobgoblin zombies (D:9)
  A leopard gecko skeleton (D:4)
  An orc skeleton (D:9)
  9 orc zombies (D:9)
  A quokka skeleton (D:4)
  10 rats
263 creatures vanquished.

Vanquished Creatures (others)
  11 fungi (D:8)
  4 plants (D:8)
15 creatures vanquished.

Grand Total: 278 creatures vanquished

Notes
Turn   | Place    | Note
-------+----------+-------------------------------------------
     0 | D:1      | Lugonue the Deep Elf Venom Mage began the quest for the
                  | Orb.
     0 | D:1      | Reached XP level 1. HP: 10/10 MP: 6/6
   209 | D:1      | Reached XP level 2. HP: 15/15 MP: 5/8
  1049 | D:2      | Reached XP level 3. HP: 20/20 MP: 10/10
  1249 | D:2      | Reached skill level 4 in Spellcasting
  1253 | D:2      | Learned a level 2 spell: Poisonous Vapours
  2058 | D:2      | Reached XP level 4. HP: 24/24 MP: 9/12
  2303 | D:1      | Learned a level 4 spell: Olgreb's Toxic Radiance
  3158 | D:3      | Reached XP level 5. HP: 28/28 MP: 10/14
  3193 | D:3      | Learned a level 3 spell: Mephitic Cloud
  3324 | D:3      | Found a runed translucent door.
  3325 | D:3      | Noticed Crazy Yiuf
  3335 | D:3      | Killed Crazy Yiuf
  3335 | D:3      | Reached skill level 1 in Short Blades
  3591 | D:3      | Reached skill level 5 in Spellcasting
  3920 | D:3      | Noticed Terence
  3929 | D:3      | Killed Terence
  4188 | D:4      | Reached skill level 5 in Poison Magic
  4269 | D:4      | Learned a level 3 spell: Ignite Poison
  4329 | D:4      | Noticed Edmund
  4340 | D:4      | Killed Edmund
  4340 | D:4      | Reached skill level 1 in Fighting
  4340 | D:4      | Reached skill level 1 in Air Magic
  4340 | D:4      | Reached XP level 6. HP: 25/34 MP: 2/16
  4454 | D:4      | Found a staircase to the Ecumenical Temple.
  4483 | Temple   | Entered the Ecumenical Temple
  4716 | Temple   | Became a worshipper of Sif Muna the Loreminder
  4992 | D:4      | Found Anecaag's Gadget Shop.
  5195 | D:4      | Reached skill level 6 in Spellcasting
  5214 | D:4      | Reached XP level 7. HP: 32/38 MP: 4/18
  5471 | D:4      | Found a white marble altar of Elyvilon.
  5571 | D:5      | Entered Level 5 of the Dungeon
  5691 | D:5      | Found a radiant altar of Vehumet.
  6092 | D:5      | Found an iron altar of Okawaru.
  6140 | D:5      | Got an encrusted leather armour
  6152 | D:5      | Identified the +1 leather armour "Hujebb" {Str+3} (You
                  | found it on level 5 of the Dungeon)
  6172 | D:5      | Reached skill level 7 in Spellcasting
  6435 | D:5      | Found a burning altar of Makhleb.
  6710 | D:6      | Found Ekiesag's Weapon Shoppe.
  6777 | D:6      | Found a white marble altar of Elyvilon.
  7039 | D:6      | Found a snail-covered altar of Cheibriados.
  7194 | D:6      | Noticed a hornet
  7206 | D:6      | Killed a hornet
  7206 | D:6      | Reached XP level 8. HP: 22/43 MP: 12/21
  7260 | D:6      | Reached skill level 8 in Spellcasting
  7270 | D:6      | Reached * piety under Sif Muna
  7494 | D:6      | Reached skill level 1 in Armour
  7531 | D:6      | Reached skill level 5 in Dodging
  7758 | D:7      | Reached skill level 9 in Spellcasting
  8075 | D:7      | Learned a level 3 spell: Tukima's Dance
  8081 | D:7      | Found a snail-covered altar of Cheibriados.
  8275 | D:7      | Reached XP level 9. HP: 26/47 MP: 20/24
  8427 | D:7      | Reached ** piety under Sif Muna
  8642 | D:7      | Reached skill level 10 in Spellcasting
  9657 | D:8      | Reached skill level 11 in Spellcasting
  9666 | D:8      | Got a pair of slimy gloves
  9678 | D:8      | Identified the +0 pair of gloves "Bifuedgh" {Str+3} (You
                  | found it on level 8 of the Dungeon)
 10429 | D:8      | Reached *** piety under Sif Muna
 10612 | D:8      | Reached XP level 10. HP: 52/52 MP: 22/27
 10646 | D:8      | Reached skill level 1 in Bows
 10674 | D:8      | Found a glowing silver altar of Zin.
 10674 | D:8      | Noticed an angel
 10674 | D:8      | Noticed Joseph
 10699 | D:8      | Noticed Pikel
 10708 | D:8      | Killed Pikel
 10708 | D:8      | Reached skill level 1 in Fire Magic
 10773 | D:8      | Killed Joseph
 10911 | D:8      | Reached skill level 12 in Spellcasting
 11055 | D:8      | Found a staircase to the Lair.
 11058 | D:8      | Got a fine leather armour
 11078 | D:8      | Noticed a two-headed ogre
 11083 | D:8      | Killed a two-headed ogre
 11399 | D:8      | Identified the +0 leather armour of Pragmatism {rF++} (You
                  | found it on level 8 of the Dungeon)
 11531 | D:9      | Noticed a white ugly thing
 11536 | D:9      | Killed a white ugly thing
 11820 | D:9      | Reached **** piety under Sif Muna
 11930 | D:9      | Found a staircase to the Orcish Mines.
 11960 | D:9      | Mangled by a shadow

Illustrated notes

Levels and vault maps discovered:
D:1:      dpeg_arrival_three_same_balls, layout_basic, minmay_tromino_i4
D:2:      layout_loops_ring
D:3:      layout_loops_ring, minivault_23, uniq_terence, uniq_crazy_yiuf_cottage
D:4:      layout_gridville, elyvilon_altar_5, minmay_temple_entry_waves,
          serial_shops, nicolae_shop_behind_doors, uniq_edmund
D:5:      layout_cave_pods, okawaru_trees_2, lightli_temple_of_fire,
          overflow_temple_1_default, first_ration, kennysheep_generic_room_7
D:6:      minmay_bubble_buster, layout_rooms, kennysheep_little_box,
          basic_altar, serial_shops, shop
D:7:      layout_basic, basic_altar
D:8:      layout_basic, zin_angel, grunt_lair_entry_orc_guard_hut,
          minmay_joined_circles, uniq_pikel, uniq_joseph
D:9:      layout_basic, lemuel_crystal_altar, zombieorc2_lemuel
Temple:   regret_index_temple_waves

Skill      XL: |  1  2  3  4  5  6  7  8  9 10 |
---------------+-------------------------------+-----
Spellcasting   | 4 5 6 7 9 11 12 | 12.8
Poison Magic   | 4 5 6 8 9 |  9.3
Stealth        | 3 4 |  4.5
Short Blades   | 1 |  1.8
Fighting       | 1 |  1.4
Dodging        | 3 4 5 7 8 |  8.7
Air Magic      | 1 2 3 4 |  4.3
Transmutations | 2 3 |  3.7
Armour         | 1 2 |  2.7
Bows           | 2 |  2.2
Fire Magic     | 1 |  1.9
Conjurations   | |  0.6
Evocations     | |  0.2

Action                   |  1- 3 |  4- 6 |  7- 9 | 10-12 || total
-------------------------+-------+-------+-------+-------++-------
Melee: Unarmed           |     1 |       |       |       ||     1
       Dagger            |    71 |    58 |    50 |       ||   179
       War axe           |       |     1 |    79 |    22 ||   102
       Short sword       |       |       |    24 |    79 ||   103
 Fire: Shortbow          |       |       |    21 |       ||    21
Throw: Throwing net      |       |     1 |       |       ||     1
 Cast: Sting             |    46 |    14 |    32 |     6 ||    98
       Poisonous Vapours |    14 |    43 |    47 |    26 ||   130
       Mephitic Cloud    |       |     3 |     3 |     9 ||    15
       Olgreb's Toxic Ra |       |     2 |    19 |     8 ||    29
       Ignite Poison     |       |     3 |    18 |    17 ||    38
Evoke: Wand              |       |       |     1 |     3 ||     4
  Use: Scroll            |       |    10 |     6 |     2 ||    18
       Potion            |       |     1 |     1 |     2 ||     4
 Stab: Sleeping          |     2 |    10 |     3 |     1 ||    16
  Eat: Ration            |     1 |     3 |     5 |     1 ||    10
Armor: Robe              |    36 |    13 |     2 |       ||    51
       Leather armour    |       |       |    53 |    30 ||    83
Dodge: Dodged            |    76 |    50 |   165 |    95 ||   386

Table legend:
 A = Non-vault XP
 B = Vault XP
 C = Vault XP percentage of total XP
 D = Non-vault monster count
 E = Vault monster count
 F = Vault count percentage of total count
                 A         B        C        D         E       F
            +---------+---------+-------+---------+---------+-------
      Total |    6717 |    3851 |  36.4 |     205 |      58 |  22.1
            +---------+---------+-------+---------+---------+-------
        D:1 |      59 |       2 |   3.3 |      32 |       1 |   3.0
        D:2 |      80 |       0 |   0.0 |      31 |       0 |   0.0
        D:3 |      98 |      78 |  44.3 |      23 |       2 |   8.0
        D:4 |     302 |     166 |  35.5 |      15 |       1 |   6.2
        D:5 |     166 |      39 |  19.0 |      10 |       1 |   9.1
        D:6 |     216 |     941 |  81.3 |       6 |      16 |  72.7
        D:7 |    1763 |       0 |   0.0 |      39 |       0 |   0.0
        D:8 |    2479 |    2118 |  46.1 |      34 |      13 |  27.7
        D:9 |    1554 |     507 |  24.6 |      15 |      24 |  61.5
            +---------+---------+-------+---------+---------+-------
